 Dungeon Crawl Stone Soup version 0.18-a0-1123-gbd92598 (webtiles) character file.

101 M4edhros the Sneak (level 4, 0/28 HPs)
             Began as an Octopode Artificer on Jan 19, 2016.
             Slain by an iguana (11 damage)
             ... on level 4 of the Dungeon.
             The game lasted 00:03:21 (2147 turns).

M4edhros the Sneak (Octopode Artificer)             Turns: 2147, Time: 00:03:22

Health: 0/28       AC:  1    Str: 10    XL:     4   Next: 75%
Magic:  6/6        EV: 10    Int: 15    God:
Gold:   36         SH:  6    Dex: 12    Spells: 0 memorised, 3 levels left

rFire  . . .     SeeInvis .     a - +0 short sword
rCold  . . .     Gourm    .     p - +0 shield
rNeg   . . .     Faith    .     (helmet restricted)
rPois  +         Spirit   .     (no amulet)
rElec  .         Dismiss  .     e - ring of poison resistance
rCorr  .         Reflect  .     (no ring)
SustAt .         Harm     .     (no ring)
MR     .....                    (no ring)
Stlth  ++++......               (no ring)
                                (no ring)
                                (no ring)
                                (no ring)

@: not resistant to hostile enchantments, stealthy
A: almost no armour, amphibious, 8 rings, constrict 8, camouflage 1, gelatinous
body 1
a: no special abilities


You were on level 4 of the Dungeon.
You were not hungry.

You visited 1 branch of the dungeon, and saw 4 of its levels.

You collected 36 gold pieces.

Inventory:

Hand Weapons
 a - a +0 short sword (weapon)
 g - a +0 hunting sling
 o - a cursed -1 short sword
Missiles
 h - 6 poisoned sling bullets
 j - 6 stones (quivered)
 k - 5 tomahawks
Armour
 p - a +0 shield (worn)
Jewellery
 e - a ring of poison resistance (left tentacle)
Wands
 b - a wand of flame (8/48)
 c - a wand of enslavement (12/24)
 d - a wand of random effects (14/48)
Scrolls
 i - a scroll of fog
 l - 2 scrolls of teleportation
 n - a scroll of recharging
 q - a scroll of enchant armour
Comestibles
 f - a bread ration


   Skills:
 - Level 1.0 Fighting
 - Level 1.0 Short Blades
 + Level 1.5 Slings
 * Level 3.0 Dodging
 * Level 3.9 Stealth
 + Level 0.6 Shields
 + Level 3.6 Evocations


You had 3 spell levels left.
You didn't know any spells.

Dungeon Overview and Level Annotations

Branches:
Dungeon (4/15)
 Temple: D:4-7

Altars:


Innate Abilities, Weirdness & Mutations

You cannot wear most types of armour.
You are amphibious.
You can wear up to eight rings at the same time.
You can use your tentacles to constrict eight enemies at once.
Your skin changes colour to match your surroundings (Stealth).
Your rubbery body absorbs attacks (AC +1).


Message History

a - a +0 short sword (weapon)
You start resting.
There is a stone staircase leading down here.
You climb downwards.
There is a stone staircase leading up here.
Found a scale mail.
An iguana comes into view.
An iguana is nearby!
An iguana is nearby!
The iguana hisses angrily.
You see here a scale mail.
The iguana bites you!
Ouch! That really hurt!
You hit the iguana but do no damage. You grab the iguana.
You constrict the iguana. You block the iguana's attack.
You hit the iguana but do no damage.
The iguana is lightly wounded.
You constrict the iguana, but do no damage.
The iguana bites you!
You die...

##..#
##.##
##..#
#..##
##.##
##.##
##.##
##[##
#@##
#.l#
....#
......#
###...##
####


You could see an iguana.

Vanquished Creatures
  A giant frog skeleton (D:3)
  3 adders (D:2)
  2 worms (D:2)
  2 orcs (D:3)
  6 bats
  A giant cockroach (D:2)
  6 goblins
  A hobgoblin (D:3)
  4 jackals (D:3)
  A quokka (D:2)
  A ball python (D:2)
  3 giant newts (D:2)
  5 kobolds
  3 rats
39 creatures vanquished.

Vanquished Creatures (others)
  An adder (D:2)
1 creature vanquished.

Grand Total: 40 creatures vanquished

Notes
Turn   | Place    | Note
--------------------------------------------------------------
     0 | D:1      | M4edhros the Octopode Artificer began the quest for the Orb.
     0 | D:1      | Reached XP level 1. HP: 13/13 MP: 3/3
   636 | D:2      | Reached XP level 2. HP: 18/18 MP: 4/4
  1026 | D:2      | Reached XP level 3. HP: 23/23 MP: 5/5
  1043 | D:2      | HP: 1/23 [worm (11)]
  1094 | D:2      | Reached skill level 1 in Slings
  1757 | D:3      | Reached XP level 4. HP: 12/28 MP: 6/6
  2147 | D:4      | Slain by an iguana

Vault maps used:
D:1:      eino_arrival_cavern_c
D:3:      nicolae_overflow_hidden_temple
D:4:      uniq_grinder

Action                   |  1- 3 |  4- 6 || total
-------------------------+-------+-------++-------
Melee: Short sword       |    22 |    22 ||    44
       Whip              |    22 |       ||    22
 Fire: Hunting sling     |    30 |       ||    30
Evoke: Wand              |    11 |       ||    11
  Use: Scroll            |     6 |       ||     6
       Potion            |     1 |       ||     1
 Stab: Sleeping          |     6 |     1 ||     7
  Eat: Chunk             |     2 |     2 ||     4
